 Dungeon Crawl Stone Soup version 0.32-a0-913-g739538afd8 (webtiles) character file.

Game seed: 8748742737710653702

208 uglyjohn the Covered (level 5, -3/42 HPs)
             Began as a Minotaur Hunter on Apr 9, 2024.
             Engulfed by a steam dragon's steam (9 damage)
             ... on level 4 of the Dungeon.
             The game lasted 00:03:46 (2627 turns).

uglyjohn the Covered (Minotaur Hunter)              Turns: 2627, Time: 00:03:47

Health: -3/42      AC:  8    Str: 15    XL:     5   Next: 55%
Magic:  4/4        EV:  9    Int:  6    God:
Gold:   160        SH:  5    Dex: 16    Spells: 4/4 levels left

rFire   . . .        a - +0 shortbow
rCold   . . .        (shield currently unavailable)
rNeg    . . .        g - +0 scale mail
rPois   .            (helmet restricted)
rElec   .            (no cloak)
rCorr   .            (no gloves)
SInv    .            q - +0 pair of boots
Will    .....        r - amulet of reflection Stlth
                     (no ring)
HPRegen 0.27/turn    (no ring)
MPRegen 0.09/turn

%: reflection
@: no status effects
A: horns 2, retaliatory headbutt
a: no special abilities


You were on level 4 of the Dungeon.
You visited 1 branch of the dungeon, and saw 4 of its levels.

You collected 186 gold pieces.
You spent 26 gold pieces at shops.

Inventory:

Hand Weapons
 a - a +0 shortbow (weapon)
Armour
 c - a +0 leather armour
 g - a +0 scale mail (worn)
 q - a +0 pair of boots (worn)
Jewellery
 d - a ring of ice
 r - an amulet of reflection (around neck)
Scrolls
 b - 2 scrolls of butterflies
 e - a scroll of revelation {unknown}
 f - 7 scrolls of identify
 h - a scroll of vulnerability {unknown}
 k - 4 scrolls of teleportation {unknown}
 m - a scroll of silence {unknown}
 n - a scroll of fog {unknown}
 p - a scroll of poison {unknown}
Potions
 i - 2 potions of magic
 j - a potion of berserk rage {unknown}
 l - a potion of degeneration {unknown}
 o - a potion of might {unknown}
 s - a potion of lignification {unknown}


   Skills:
 + Level 2.7 Fighting
 - Level 4.5 Ranged Weapons
 - Level 6.0 Armour
 - Level 2.4 Dodging
 - Level 1.1 Stealth


You had 4 spell levels left.
You didn't know any spells.
Your spell library contained the following spells:

 Spells                   Type           Power      Damage    Failure   Level
 Sandblast                Erth           0%         2d4       86%         1
 Stone Arrow              Conj/Erth      0%         3d7       99%         3
 Brom's Barrelling Bould  Conj/Erth      0%         2d3       100%        4


Dungeon Overview and Level Annotations

Branches:
Dungeon (4/15)
 Temple: D:4-7

Altars:
Qazlal

Shops:
D:2 ?


Innate Abilities, Weirdness & Mutations

You have a pair of horns on your head.
You reflexively headbutt those who attack you in melee.


Message History

The arrow hits the steam dragon but does no damage.
The steam dragon is lightly wounded.
The steam dragon breathes steam at you. The ball of steam hits you!
You shoot an arrow.
The arrow hits the steam dragon but does no damage.
The steam dragon is lightly wounded.
You are engulfed in a cloud of scalding steam.
The steam dragon barely misses you. You furiously retaliate!
You headbutt the steam dragon.
The steam dragon claws you but does no damage.
You block the steam dragon's attack. The steam dragon claws you.
You shoot an arrow.
The arrow closely misses the steam dragon.
The steam dragon barely misses you.
The steam dragon claws you but does no damage.
You shoot an arrow.
The arrow hits the steam dragon but does no damage.
The steam dragon is moderately wounded.
The steam dragon breathes steam at you. The ball of steam hits you!
The steam dragon bites you.
The steam dragon claws you but does no damage.
The steam dragon breathes steam at you. The ball of steam misses you.
You shoot an arrow.
The arrow closely misses the steam dragon.
You are engulfed in a cloud of scalding steam.
You block the steam dragon's attack. The steam dragon misses you.
Unknown command.
You block the steam dragon's attack.
The steam dragon claws you but does no damage.
You shoot an arrow.
The arrow barely misses the steam dragon.
The steam dragon breathes steam at you. The ball of steam hits you!
* * * LOW HITPOINT WARNING * * *
You shoot an arrow. The arrow hits the steam dragon.
The steam dragon is heavily wounded.
You are engulfed in a cloud of scalding steam.
You die...

. .## ### ..# #.# ....#
#.. .. ..... ... ..
....#.# #.# .# ......#
#.# ..#
......#######.####.##.##
......#......§..§D......
......#######.##@#..#.##
......# #.##.# .#
......# ####.##.##.#
......####...........
)##..................
.###############.##.. .#
#... .# +..... .# ...


You could see a steam dragon.

Vanquished Creatures
  An ogre (D:4)
  An iguana (D:3)
  An adder (D:3)
  4 dart slugs
  2 ribbon worms
  7 orcs
  8 endoplasms
  2 giant cockroaches
  A goblin (D:3)
  7 hobgoblins
  2 jackals (D:2)
  4 kobolds
  2 quokkas
  9 ball pythons
  7 bats
  2 frilled lizards
  5 rats
65 creatures vanquished.

Notes
Turn   | Place    | Note
-------+----------+-------------------------------------------
     0 | D:1      | uglyjohn the Minotaur Hunter began the quest for the Orb.
     0 | D:1      | Reached XP level 1. HP: 18/18 MP: 0/0
   127 | D:1      | Reached skill level 1 in Stealth
   166 | D:1      | Reached XP level 2. HP: 25/25 MP: 1/1
   451 | D:2      | Reached skill level 1 in Armour
   715 | D:2      | Reached skill level 2 in Armour
   715 | D:2      | Found a stormy altar of Qazlal.
   767 | D:2      | Reached XP level 3. HP: 30/30 MP: 2/2
   818 | D:2      | Found Xizos's Magic Scroll Boutique.
   821 | D:2      | Bought a scroll of identify for 26 gold pieces
  1440 | D:3      | Reached skill level 3 in Armour
  1480 | D:3      | Reached XP level 4. HP: 9/37 MP: 3/3
  1711 | D:3      | Reached skill level 4 in Armour
  2497 | D:4      | Noticed an ogre
  2506 | D:4      | Killed an ogre
  2507 | D:4      | Reached skill level 6 in Armour
  2507 | D:4      | Reached XP level 5. HP: 19/42 MP: 4/4
  2614 | D:4      | Noticed a steam dragon
  2627 | D:4      | Engulfed by a steam dragon's steam

Illustrated notes

Levels and vault maps discovered:
D:1:      roderic_crop_circles_arrival_small, layout_rooms
D:2:      layout_basic, serial_shops, nicolae_shop_rolled_up, basic_altar,
          minmay_ruptured
D:3:      layout_basic, chequers_serial_rivers_micro_a,
          small_statue_intersection, st_stairs_12, minmay_pentangle
D:4:      layout_basic, grunt_ministairs_1

Skill      XL: |  1  2  3  4 |
---------------+-------------+-----
Stealth        | 1 |  1.1
Armour         | 2 3 6 |  6.0
Fighting       | |  2.7
Ranged Weapons | |  4.5
Dodging        | |  2.4

Action                     |  1- 3 |  4- 6 || total
---------------------------+-------+-------++-------
   Fire: Shortbow          |    82 |    96 ||   178
    Use: Scroll            |     1 |       ||     1
 Armour: Leather armour    |     5 |       ||     5
         Scale mail        |    22 |    49 ||    71
  Dodge: Dodged            |    19 |    25 ||    44
  Block: Other             |       |     6 ||     6
         Reflection        |       |     1 ||     1

Table legend: (Time is in decaauts)
 A = Elapsed time spent in this place.
 B = Non-inter-level travel time spent in this place.
 C = Inter-level travel time spent in this place.
 D = Time resting spent in this place.
 E = Time spent auto-exploring this place.
 F = Levels seen in this place.
 G = Mean time per level.
                   A        B        C        D        E       F      G
               +--------+--------+--------+--------+--------+-----+--------+
         Total |   2691 |   2503 |    188 |    107 |   1970 |   4 |  672.8 |
       Dungeon |   2691 |   2503 |    188 |    107 |   1970 |   4 |  672.8 |
               +--------+--------+--------+--------+--------+-----+--------+

Top non-repeatable levels by time:
     D:3: 1350 daAuts
     D:2: 673 daAuts
     D:1: 454 daAuts
     D:4: 213 daAuts
